 Dungeon Crawl Stone Soup version 0.20.0-8-g6b59dc7 (webtiles) character file.

5141 Darkell the Blocker (level 10, -5/87 HPs)
             Began as a Deep Dwarf Fighter on May 31, 2017.
             Was a Follower of Makhleb.
             Slain by an unseen horror (6 damage)
             ... while paralysed
             ... on level 9 of the Dungeon.
             The game lasted 00:15:52 (6686 turns).

Darkell the Blocker (Deep Dwarf Fighter)            Turns: 6686, Time: 00:15:53

Health: -5/87      AC:  8    Str: 23    XL:     10   Next: 33%
Magic:  12/12      EV:  2    Int:  9    God:    Makhleb [*.....]
Gold:   585        SH:  0    Dex: 12    Spells: 9/9 levels left

rFire    . . .     SeeInvis .   a - +0 war axe
rCold    . . .     Gourm    .   s - +2 large shield
rNeg     . . .     Faith    .   b - +0 scale mail
rPois    .         Spirit   .   E - +0 helmet
rElec    .         Reflect  .   (no cloak)
rCorr    .         Harm     .   (no gloves)
MR       +....                  (no boots)
Stlth    ..........             (no amulet)
Regen    0.0/turn               j - ring of magical power
MPRegen  0.2/turn               (no ring)

@: paralysed, berserk cooldown, non-regenerating, slowed
A: damage resistance, heal wounds, sense surroundings 2, no regeneration
a: Heal Wounds, Renounce Religion


You were on level 9 of the Dungeon.
You worshipped Makhleb.
Makhleb was aware of your devotion.
You were hungry.

You visited 2 branches of the dungeon, and saw 10 of its levels.
You also visited: Sewer.

You collected 585 gold pieces.

Inventory:

Hand Weapons
 a - a +0 war axe (weapon)
Armour
 b - a +0 scale mail (worn)
 c - a +0 shield
 s - a +2 large shield (worn)
 E - a +0 helmet (worn)
Jewellery
 j - a ring of magical power (left hand)
 B - an uncursed ring of poison resistance {unknown}
Wands
 y - a wand of lightning (4/15)
Scrolls
 e - 12 scrolls of identify {unknown}
 g - 16 scrolls of teleportation {unknown}
 h - 4 scrolls of recharging {unknown}
 q - 3 scrolls of remove curse
 u - 3 scrolls of fog {unknown}
 v - 2 scrolls of magic mapping
 z - a scroll of enchant weapon {unknown}
 D - a scroll of enchant armour {unknown}
 H - a scroll of amnesia {unknown}
 I - a scroll of acquirement {unknown}
 J - a scroll of noise {unknown}
Potions
 d - 2 potions of might
 i - a potion of lignification
 k - 3 potions of curing
 m - a potion of degeneration {unknown}
 n - 2 potions of haste
 p - 3 potions of flight
 r - 3 potions of agility {unknown}
 x - a potion of magic
 A - a potion of mutation {unknown}
 F - a potion of resistance {unknown}
Books
 o - a book of Maledictions

   Spells                             Type                      Level
   a - Corona                         Hexes                        1
   b - Ensorcelled Hibernation        Hexes/Ice                    2
   c - Confuse                        Hexes                        3
   d - Tukima's Dance                 Hexes                        3
   e - Dazzling Spray                 Conjuration/Hexes            3
 G - a book of Conjurations

   Spells                             Type                      Level
   a - Magic Dart                     Conjuration                  1
   b - Searing Ray                    Conjuration                  2
   c - Dazzling Spray                 Conjuration/Hexes            3
   d - Fulminant Prism                Conjuration/Hexes            4
   e - Force Lance                    Conjuration/Translocation    4
   f - Iskenderun's Mystic Blast      Conjuration                  4
Comestibles
 f - 7 bread rations
 l - 11 fruits
 t - 4 royal jellies
 w - 8 meat rations


   Skills:
 + Level 4.3 Fighting
 + Level 10.4 Axes
 + Level 5.4 Armour
 + Level 3.1 Dodging
 + Level 1.0 Stealth
 * Level 13.6 Shields


You had 9 spell levels left.
You didn't know any spells.

Dungeon Overview and Level Annotations

Branches:
Dungeon (9/15)             Temple (1/1) D:7
   Lair: D:8-11         Orc: D:9-12

Altars:
Ashenzari
Cheibriados
Dithmenos
Elyvilon
Fedhas
Gozag
Hepliaklqana
Kikubaaqudgha
Makhleb
Nemelex Xobeh
Okawaru
Qazlal
Ru
Sif Muna
Trog
Uskayaw
Vehumet
Xom
Yredelemnul
Zin
The Shining One

Shops:
D:9 [

Annotations:
D:8 exclusion: 4 doors


Innate Abilities, Weirdness & Mutations

You are resistant to damage.
You can heal yourself by infusing magical energy.
You passively map the area around you.
You do not regenerate.


Message History

A red film seems to cover your vision as you go berserk!
You feel yourself moving faster!
You feel mighty! Something hits you but does no damage.
You are too berserk!
You miss something. Something hits you but does no damage. Something hits you.
* * * LOW HITPOINT WARNING * * *
There is an open door here.
You feel a strong urge to attack something.
You block something's attack. Something hits you!
* * * LOW HITPOINT WARNING * * *
You feel your anger subside.
You are no longer berserk.
You pass out from exhaustion.
You feel yourself slow down. Something completely misses you.
Something hits you.
* * * LOW HITPOINT WARNING * * *
Something hits you but does no damage. Something hits you!
You die...

.....#, ,, ..... , , , .....#
, , ....########## * ......*
####+##+#............ .....>
,...... #............, ......
, ..... #...........$ ......*
.... #[...........,
......##+####..###......[.....
#####......##..#.......###+###
#...#......#...#@......# , ,
'...#......#...'.......+, ,
#...#......#...#.......# * ,,
#'###.[....###'#.......## , *
, #..#####'#..............# ,
....#....#..............#,,
....#....#..............# , ,
....#....#..............# ,, ,
, ....'....#..............# ,
,


There were no monsters in sight!

Vanquished Creatures
  A two-headed ogre (D:8)
  The ghost of ArtsTyrian the Digger, a novice OpEE of Vehumet (D:7)
  2 hungry ghosts
  2 insubstantial wisps (D:8)
  Duvessa (D:6)
  2 orc warriors
  An ice beast (D:4)
  A black bear (D:6)
  5 sky beasts
  8 ogres
  3 centaurs
  A big kobold (D:8)
  A gnoll sergeant (D:8)
  Dowan (D:6)
  2 scorpions
  2 centaur zombies
  4 crimson imps
  2 bullfrog zombies (D:8)
  A hound (D:6)
  A quasit (D:7)
  2 orc priests
  2 jellies
  6 orc wizards
  Terence (D:3)
  4 iguanas
  4 worker ants
  2 hound skeletons
  4 gnolls
  10 adders
  5 oozes (Sewer)
  An adder zombie (D:5)
  An adder skeleton (D:9)
  8 worms
  A dart slug (D:4)
  5 leopard geckos
  34 orcs
  8 giant cockroaches
  3 goblins
  3 hobgoblins
  6 jackals
  12 kobolds
  2 quokkas
  4 ball pythons
  10 bats
  8 frilled lizards
  A leopard gecko skeleton (D:8)
  A leopard gecko zombie (D:5)
  3 rats
193 creatures vanquished.

Vanquished Creatures (others)
  A steam dragon (D:8)
1 creature vanquished.

Grand Total: 194 creatures vanquished

Notes
Turn   | Place    | Note
-------+----------+-------------------------------------------
     0 | D:1      | Darkell the Deep Dwarf Fighter began the quest for the Orb.
     0 | D:1      | Reached XP level 1. HP: 20/20 MP: 1/1
   186 | D:1      | Reached XP level 2. HP: 25/27 MP: 2/2
   222 | D:1      | You fall through a shaft!
   650 | D:2      | Reached XP level 3. HP: 20/33 MP: 3/3
  1136 | D:3      | Noticed Terence
  1157 | D:3      | Reached skill level 4 in Shields
  1157 | D:3      | Reached XP level 4. HP: 14/42 MP: 4/4
  1176 | D:3      | Killed Terence
  1203 | D:3      | Reached skill level 1 in Dodging
  1225 | D:3      | Reached XP level 5. HP: 21/49 MP: 5/5
  1610 | D:4      | Found a glowing drain.
  1653 | Sewer    | Entered a sewer
  2074 | Sewer    | Reached skill level 11 in Shields
  2074 | Sewer    | Reached XP level 6. HP: 56/56 MP: 6/6
  2335 | D:4      | Reached XP level 7. HP: 32/62 MP: 7/7
  2904 | D:4      | Found an iron altar of Okawaru.
  3225 | D:5      | Entered Level 5 of the Dungeon
  3318 | D:5      | Reached XP level 8. HP: 57/69 MP: 8/8
  3739 | D:6      | Reached skill level 12 in Shields
  4146 | D:6      | Noticed Duvessa
  4148 | D:6      | Noticed Dowan
  4212 | D:6      | Killed Duvessa
  4213 | D:6      | Killed Dowan
  4400 | D:6      | Gained mutation: You passively map the area around you. [Deep Dwarf growth]
  4400 | D:6      | Reached XP level 9. HP: 58/78 MP: 5/5
  4941 | D:7      | Noticed ArtsTyrian's ghost (novice OpEE)
  5020 | D:7      | Reached skill level 1 in Stealth
  5049 | D:7      | Killed ArtsTyrian's ghost
  5049 | D:7      | Reached skill level 5 in Armour
  5144 | D:7      | Found a staircase to the Ecumenical Temple.
  5150 | Temple   | Entered the Ecumenical Temple
  5307 | Temple   | Became a worshipper of Makhleb the Destroyer
  5583 | D:8      | Noticed a two-headed ogre
  5714 | D:8      | Reached skill level 13 in Shields
  5808 | D:8      | Reached skill level 10 in Axes
  5859 | D:8      | Killed a two-headed ogre
  5859 | D:8      | Reached XP level 10. HP: 30/86 MP: 5/5
  5981 | D:8      | Reached * piety under Makhleb
  6548 | D:9      | Found Seipec's Armour Shoppe.
  6682 | D:9      | HP: 4/130 [something (4)]
  6684 | D:9      | HP: 1/87 [something (2)]
  6686 | D:9      | Slain by an unseen horror

Skill      XL: |  1  2  3  4  5  6  7  8  9 |
---------------+----------------------------+-----
Axes           | 3 8 9 10 | 10.4
Fighting       | 3 4 |  4.3
Shields        | 4 11 12 13 | 13.6
Armour         | 4 5 |  5.4
Dodging        | 1 2 3 |  3.1
Stealth        | 1 |  1.0

Action                   |  1- 3 |  4- 6 |  7- 9 | 10-12 || total
-------------------------+-------+-------+-------+-------++-------
Melee: War axe           |   118 |   214 |   529 |    94 ||   955
 Abil: Heal Wounds       |       |     3 |    18 |     6 ||    27
  Use: Potion            |       |     7 |       |     1 ||     8
       Scroll            |       |     4 |       |       ||     4
  Eat: Chunk             |     1 |     4 |    10 |     2 ||    17
       Bread ration      |       |       |     2 |       ||     2
Armor: Scale mail        |    50 |    83 |   120 |    32 ||   285
Dodge: Dodged            |    36 |    42 |   101 |    14 ||   193
Block: Shield            |    68 |    29 |       |       ||    97
       Large shield      |       |   171 |   590 |    58 ||   819
